 Dungeon Crawl Stone Soup version 0.28-a0-1213-g0243856f03 (webtiles) character file.

Game seed: 2057944044014612568

21049 mcbry74 the Severer (level 12, -2/91 HPs)
             Began as a Hill Orc Gladiator on Dec 21, 2021.
             Was a High Priest of the Shining One.
             Succumbed to a cane toad's poison
             ... on level 3 of the Lair of Beasts.
             The game lasted 00:53:32 (17048 turns).

mcbry74 the Severer (Hill Orc Gladiator)           Turns: 17048, Time: 00:53:32

Health: -2/91      AC: 12    Str: 22    XL:     12   Next: 85%
Magic:  4/22       EV: 12    Int:  8    God:    the Shining One [*****.]
Gold:   814        SH:  0    Dex: 12    Spells: 11/11 levels left

rFire   . . .      SeeInvis +   x - +1 war axe (vorpal)
rCold   + . .      Faith    .   (no shield)
rNeg    + + .      Spirit   +   Y - +0 ring mail of the Hall of Blades {+Blink rCorr}
rPois   .          Reflect  .   N - +0 helmet
rElec   .          Harm     .   u - +0 cloak
rCorr   +          Rampage  .   X - +2 pair of gloves
Will    .....                   r - +0 pair of boots
Stlth   +.........              K - amulet of guardian spirit
HPRegen 0.25/turn               y - ring of see invisible
MPRegen 0.18/turn               S - ring of protection from cold

@: lethally poisoned (-2 -> -11), glowing
A: no striking features
a: Renounce Religion, Evoke Blink, Divine Shield, Cleansing Flame, Summon Divine
Warrior


You were on level 3 of the Lair of Beasts.
You worshipped the Shining One.
The Shining One was extremely pleased with you.
You visited 3 branches of the dungeon, and saw 15 of its levels.
You also visited: Ossuary and Ice Cave.

You collected 814 gold pieces.

Inventory:

Hand Weapons
 g - a +2 vorpal flail
 x - a +1 vorpal war axe (weapon)
 E - a +0 fustibalus of freezing
Missiles
 d - 6 throwing nets
 s - 76 poisoned darts
 C - 4 boomerangs
 O - 11 curare-tipped darts (quivered)
Armour
 r - a +0 pair of boots (worn)
 u - a +0 cloak (worn)
 v - a scarf of harm
 N - a +0 helmet (worn)
 Q - a +3 ring mail of poison resistance
 T - a +2 tower shield of cold resistance
 X - a +2 pair of gloves (worn)
 Y - the +0 ring mail of the Hall of Blades (worn) {+Blink rCorr}
   (You found it on level 1 of the Lair of Beasts)

   +Blink:    It lets you blink.
   rCorr:     It protects you from acid and corrosion.
Jewellery
 l - a ring of ice
 y - a ring of see invisible (left hand)
 z - a ring of poison resistance
 K - an amulet of guardian spirit (around neck)
 S - a ring of protection from cold (right hand)
 Z - a ring of fire
Wands
 a - a wand of polymorph (7)
 b - a wand of flame (16)
 c - a wand of iceblast (5)
 R - a wand of charming (8)
Scrolls
 e - 3 scrolls of identify
 i - 2 scrolls of holy word
 m - 4 scrolls of enchant weapon
 n - a scroll of summoning
 q - 4 scrolls of fear
 t - 4 scrolls of teleportation
Potions
 f - 6 potions of lignification
 k - 2 potions of might
 p - 6 potions of curing
 w - 3 potions of magic
 D - 3 potions of flight {unknown}
 J - 2 potions of berserk rage {unknown}
 P - 2 potions of ambrosia {unknown}
 U - a potion of brilliance {unknown}


   Skills:
 + Level 4.2 Fighting
 - Level 15.0(17.4) Axes
 - Level 12.3(14.6) Maces & Flails
 + Level 3.4 Throwing
 + Level 3.3 Armour
 + Level 3.6 Dodging
 + Level 3.3 Shields
 - Level 14.5 Invocations
 + Level 3.0 Evocations


You had 11 spell levels left.
You didn't know any spells.
Your spell library contained the following spells:

 Spells                   Type           Power      Damage    Failure   Level
 Animate Skeleton         Necr           0%         N/A       56%         1
 Apportation              Tloc           0%         N/A       56%         1
 Shock                    Conj/Air       0%         1d3       56%         1
 Slow                     Hex            0%         N/A       56%         1
 Summon Small Mammal      Summ           0%         N/A       56%         1
 Corpse Rot               Necr/Air       0%         N/A       71%         2
 Ensorcelled Hibernation  Hex/Ice        0%         N/A       71%         2
 Poisonous Vapours        Pois/Air       0%         N/A       71%         2
 Scorch                   Fire           0%         2d5       71%         2
 Static Discharge         Conj/Air       0%         N/A       71%         2
 Confusing Touch          Hex            0%         N/A       90%         3
 Ozocubu's Armour         Ice            0%         N/A       90%         3
 Portal Projectile        Hex/Tloc       0%         N/A       90%         3
 Spider Form              Tmut/Pois      0%         N/A       90%         3
 Swiftness                Air            0%         N/A       90%         3
 Airstrike                Air            0%         N/A       100%        4
 Blade Hands              Tmut           0%         N/A       100%        5
 Excruciating Wounds      Necr           0%         N/A       100%        5
 Lightning Bolt           Conj/Air       0%         1d11      100%        5
 Yara's Violent Unravell  Hex/Tmut       0%         3d3       100%        5
 Conjure Ball Lightning   Conj/Air       0%         3x3d6     100%        6
 Discord                  Hex            0%         N/A       100%        8
 Disjunction              Tloc           0%         N/A       100%        8
 Maxwell's Capacitive Co  Air            0%         ∞         100%        8


Dungeon Overview and Level Annotations

Branches:
Dungeon (11/15)            Temple (1/1) D:4            Lair (3/6) D:11
 Spider (0/4) Lair:3          Orc (0/2) D:9         Ossuary (visited)
  IceCv (visited)
  Swamp: Lair:2-4    Shoals: Lair:2-4

Altars:
Gozag
Okawaru
Sif Muna
Uskayaw
Yredelemnul
The Shining One

Annotations:
D:10 exclusion: 2 oklob saplings


Message History

You hit the yak. x2; The bullfrog hits you.
The yak gores you! x2
You hit the yak.
The yak is moderately wounded.
You barely miss the bullfrog. You slash the yak! The bullfrog misses you.
A cane toad comes into view.
The cane toad croaks.
You slice the yak!!
You kill the yak!
You hit the yak. You hit the yak but do no damage. You slash the bullfrog!
The bullfrog hits you. The yak barely misses you.
Your Evocations skill increases to level 3!
You barely miss the bullfrog.
The bullfrog is severely wounded.
You hit the yak but do no damage. x2; You slash the yak!
You hit the yak. The bullfrog misses you. The yak misses you.
The yak gores you. The yak barely misses you.
You hit the bullfrog.
You kill the bullfrog!
You hit the yak. You hit the yak but do no damage. You hit the yak.
You slash the yak!
The electric eel shoots out a bolt of lightning at you!
The bolt of electricity misses you. The yak barely misses you.
The yak gores you!
The electric eel shoots out a bolt of lightning at you!
The bolt of electricity hits you! The cane toad stings you!
You are poisoned.
The cane toad poisons you!
* * * LOW HITPOINT WARNING * * *
You feel very sick. The cane toad stings you!
* * * LOW HITPOINT WARNING * * *
* * * LOW HITPOINT WARNING * * *
You feel very sick.
Okay, then.
* * * LOW HITPOINT WARNING * * *
You feel very sick.
* * * LOW HITPOINT WARNING * * *
You feel sick. The cane toad closely misses you.
You die...

........P..# ....
...........####......
............##......#
.....!†............#
...................###
................$..#.#
.........YY..........#
.........Y..Y...[...####
............F.@..<...#.###
.........................##
#........................≈
...#P...................#
.##.....###............#
...... ###..........###
....## ##............###
... ..................##
##..##.##..........##


You could see 4 yaks and a cane toad.

Vanquished Creatures
  A hydra (Lair:1)
  A boulder beetle (D:11)
  Pikel (D:6)
  An orc knight (D:11)
  An ugly thing (IceCv)
  A black mamba (Lair:1)
  2 ice statues (IceCv)
  3 cane toads
  2 komodo dragons (Lair:2)
  Maggie (D:8)
  7 ice devils (IceCv)
  A rime drake (Lair:2)
  An entropy weaver simulacrum (IceCv)
  An unseen horror (D:11)
  5 blink frogs (Lair:1)
  6 wyverns
  A shadow (D:11)
  2 basilisks
  A dire elephant simulacrum (IceCv)
  Sigmund (D:5)
  14 yaks
  A steam dragon (Lair:2)
  2 vampire mosquitoes (D:11)
  3 death yak simulacra (IceCv)
  2 acid dragons (D:9)
  12 water moccasins
  A sky beast (D:6)
  A hornet zombie (D:6)
  4 orc warriors
  2 black bears
  An ice beast (D:5)
  A necrophage (D:6)
  An ogre (D:4)
  12 wolves
  4 centaurs
  A lemure (D:6)
  3 kobold brigands
  6 bullfrogs
  3 scorpions
  A cane toad simulacrum (IceCv)
  3 two-headed ogre simulacra (IceCv)
  An elephant simulacrum (IceCv)
  3 killer bees (D:8)
  4 wights (D:9)
  6 howler monkeys
  7 centaur zombies
  2 hounds
  A human zombie (Ossuary)
  A bullfrog skeleton (D:5)
  Crazy Yiuf (D:3)
  5 orc priests
  2 gnoll shamans
  5 iguanas
  10 orc wizards
  Natasha (thrice) (D:3)
  2 spriggan simulacra (IceCv)
  2 troll simulacra (IceCv)
  2 killer bee zombies (D:8)
  A wolf simulacrum (IceCv)
  4 mummies (Ossuary)
  8 gnolls
  10 adders
  A naga simulacrum (IceCv)
  2 shadow imps
  4 white imps
  3 ufetubi (IceCv)
  An adder skeleton (D:4)
  3 worms
  3 dart slugs
  35 orcs
  11 endoplasms
  4 giant cockroaches
  10 goblins
  6 hobgoblins
  A jackal (D:10)
  18 kobolds
  5 quokkas
  11 ball pythons
  6 bats
  3 frilled lizards
  2 goblin zombies (Ossuary)
  2 hobgoblin zombies (Ossuary)
  A kobold zombie (Ossuary)
  6 rats
  A rat zombie (D:7)
337 creatures vanquished.

Vanquished Creatures (collateral kills)
  A reaper (IceCv)
  An orc warrior (D:11)
2 creatures vanquished.

Vanquished Creatures (others)
  8 fungi
  30 plants
38 creatures vanquished.

Grand Total: 377 creatures vanquished

Notes
Turn   | Place    | Note
-------+----------+-------------------------------------------
     0 | D:1      | mcbry74 the Hill Orc Gladiator began the quest for the Orb.
     0 | D:1      | Reached XP level 1. HP: 18/18 MP: 1/1
    67 | D:1      | Reached XP level 2. HP: 25/25 MP: 2/2
    75 | D:1      | Found a faded altar of an unknown god.
    79 | D:1      | Prayed at the altar of an unknown god.
    79 | D:1      | Became a worshipper of the Shining One
    79 | D:1      | Reached * piety under the Shining One
   214 | D:1      | Reached skill level 5 in Axes
   347 | D:1      | Reached XP level 3. HP: 30/30 MP: 3/3
   681 | D:2      | Reached skill level 6 in Axes
   951 | D:2      | Reached ** piety under the Shining One
  1042 | D:2      | Reached XP level 4. HP: 37/37 MP: 4/4
  1598 | D:3      | Noticed Natasha
  1603 | D:3      | Killed Natasha
  1604 | D:3      | Reached skill level 7 in Axes
  1677 | D:3      | Noticed Natasha
  1684 | D:3      | Killed Natasha
  1685 | D:3      | Reached XP level 5. HP: 28/42 MP: 5/5
  1744 | D:3      | Noticed Natasha
  1752 | D:3      | Killed Natasha
  1912 | D:3      | Reached skill level 8 in Axes
  2039 | D:3      | Found a glowing golden altar of the Shining One.
  2217 | D:3      | Found a runed translucent door.
  2218 | D:3      | Noticed Crazy Yiuf
  2228 | D:3      | Killed Crazy Yiuf
  2229 | D:3      | Reached XP level 6. HP: 31/50 MP: 1/6
  2763 | D:4      | Reached skill level 9 in Axes
  3077 | D:4      | Reached skill level 10 in Axes
  3335 | D:4      | Reached XP level 7. HP: 55/56 MP: 7/7
  3340 | D:4      | Found a shimmering blue altar of Sif Muna.
  3505 | D:4      | Found a staircase to the Ecumenical Temple.
  3534 | Temple   | Entered the Ecumenical Temple
  3839 | D:4      | Reached *** piety under the Shining One
  4061 | D:4      | Reached skill level 11 in Axes
  4208 | D:5      | Entered Level 5 of the Dungeon
  4463 | D:5      | Noticed Sigmund
  4470 | D:5      | Killed Sigmund
  4471 | D:5      | Reached skill level 12 in Axes
  4471 | D:5      | Reached XP level 8. HP: 58/62 MP: 8/8
  4866 | D:6      | Reached skill level 13 in Axes
  4958 | D:6      | Noticed Pikel
  4965 | D:6      | Killed Pikel
  4966 | D:6      | Reached skill level 14 in Axes
  5206 | D:6      | Reached XP level 9. HP: 51/68 MP: 9/9
  5701 | D:6      | Reached skill level 15 in Axes
  5805 | D:6      | Reached skill level 1 in Maces & Flails
  5805 | D:6      | Reached skill level 1 in Invocations
  6519 | D:7      | Found a sand-covered staircase.
  6589 | Ossuary  | Entered an ossuary
  6732 | Ossuary  | Reached **** piety under the Shining One
  7067 | D:7      | Reached skill level 5 in Invocations
  7349 | D:8      | Noticed Maggie
  7437 | D:8      | Killed Maggie
  7438 | D:8      | Reached skill level 5 in Maces & Flails
  7628 | D:8      | Found an opulent altar of Gozag.
  7875 | D:8      | Reached XP level 10. HP: 58/74 MP: 12/15
  8597 | D:8      | Found a basalt altar of Yredelemnul.
  8669 | D:9      | Found an iron altar of Okawaru.
  9166 | D:9      | Reached ***** piety under the Shining One
  9365 | D:9      | Found a staircase to the Orcish Mines.
  9937 | D:10     | Entered Level 10 of the Dungeon
 10317 | D:10     | Found a hide-covered altar of Uskayaw.
 10811 | D:11     | Noticed a boulder beetle
 10833 | D:11     | Killed a boulder beetle
 10834 | D:11     | Reached skill level 10 in Invocations
 11253 | D:10     | Reached XP level 11. HP: 43/80 MP: 9/19
 11418 | D:11     | Noticed an orc knight
 11426 | D:11     | Killed an orc knight
 11711 | D:11     | Reached skill level 10 in Maces & Flails
 12167 | D:11     | Found a staircase to the Lair.
 12418 | Lair:1   | Entered Level 1 of the Lair of Beasts
 12449 | Lair:1   | Found a frozen archway.
 12453 | IceCv    | Entered an ice cave
 13392 | IceCv    | Noticed a white ugly thing
 13396 | IceCv    | Killed a white ugly thing
 13757 | IceCv    | Reached XP level 12. HP: 21/88 MP: 1/22
 13976 | IceCv    | Noticed a reaper
 14040 | IceCv    | Killed a reaper
 14536 | Lair:1   | Identified the +0 ring mail of the Hall of Blades {+Blink
                  | rCorr}
 14549 | Lair:1   | Got Duoguott's Almanac of the Scorching Frostbite
 14643 | Lair:1   | Noticed an eight-headed hydra
 14653 | Lair:1   | Killed an eight-headed hydra
 14654 | Lair:1   | Reached skill level 1 in Armour
 14654 | Lair:1   | Reached skill level 1 in Shields
 14654 | Lair:1   | Reached skill level 1 in Evocations
 16987 | Lair:3   | Found a hole to the Spider Nest.
 17046 | Lair:3   | HP: 3/91 [poisoned by a cane toad]
 17047 | Lair:3   | HP: 1/91 [poisoned by a cane toad]
 17048 | Lair:3   | Succumbed to a cane toad's poison

Illustrated notes

Levels and vault maps discovered:
D:1:      minmay_arrival_arboretum_small, layout_loops_ring,
          basic_ecumenical_altar
D:2:      layout_loops_ring
D:3:      layout_loops_ring, overflow_temple_1_default, serial_forest,
          infiniplex_forest_clump_curved, infiniplex_forest_straight_3,
          infiniplex_forest_clump_tiny, infiniplex_forest_clump_small,
          infiniplex_forest_lined_2, infiniplex_forest_straight_3,
          grunt_ministairs_1, palyth_stone_intersect, corexii_corridor_pit,
          uniq_crazy_yiuf_cottage, uniq_natasha
D:4:      layout_gridville, kennysheep_orc_sif_temple,
          minmay_temple_entry_stoned_glass
D:5:      layout_basic, uniq_sigmund
D:6:      layout_layer_cave, uniq_pikel
D:7:      layout_rooms, enter_ossuary_3
D:8:      layout_basic, lemuel_zombie_altar_yredelemnul,
          nicolae_gozag_cash_rules_everything_around_me, grunt_ministairs_3,
          uniq_maggie
D:9:      layout_long_grid, okawaru_trees_1, orc_0_dummy
D:10:     layout_roguey, eat_drink_and_be_merry_uskayaw,
          introduction_to_nature_1
D:11:     layout_rooms, minmay_lair_entry_grove
Temple:   regret_index_temple_sphere_string
Lair:1:   layout_chaotic_city, portal_ice_cave_entry_pillars_1,
          grunt_forest_small_clearings, fungi_pond_lemuel,
          chequers_serial_rivers_large_b
Lair:2:   layout_small_grid
Lair:3:   layout_hall_layers, elwin_shoals_entry_stream,
          spider_nest_entry_web_field, nicolae_volcano_entry_batcave,
          serial_bayou_shore_a, infiniplex_staircase_pool, serial_bayou_shore_b

Skill      XL: |  1  2  3  4  5  6  7  8  9 10 11 12 |
---------------+-------------------------------------+-----
Axes           | 5 6 7 8 10 12 14 15 | 15.0
Maces & Flails | 5 9 11 12 | 12.3
Invocations    | 7 10 13 14 | 14.5
Throwing       | 3 |  3.4
Armour         | 3 |  3.3
Shields        | 3 |  3.3
Evocations     | 3 |  3.0
Fighting       | 4 |  4.2
Dodging        | 3 |  3.6

Action                   |  1- 3 |  4- 6 |  7- 9 | 10-12 || total
-------------------------+-------+-------+-------+-------++-------
Melee: War axe           |    67 |   111 |   195 |   587 ||   960
       Flail             |       |       |       |    32 ||    32
Throw: Dart              |       |    22 |    20 |    11 ||    53
       Boomerang         |       |       |     6 |    32 ||    38
Invok: Divine Shield     |       |       |     1 |     2 ||     3
       Cleansing Flame   |       |       |       |     3 ||     3
       Summon Divine War |       |       |       |     2 ||     2
  Use: Scroll            |       |       |     7 |     9 ||    16
       Potion            |       |       |       |     4 ||     4
Armor: Leather armour    |    22 |    25 |    28 |       ||    75
       Ring mail         |       |       |    26 |   208 ||   234
Dodge: Dodged            |    46 |    66 |   105 |   274 ||   491
Block: Other             |       |       |     5 |     2 ||     7

Table legend: (Time is in decaauts)
 A = Elapsed time spent in this place.
 B = Non-inter-level travel time spent in this place.
 C = Inter-level travel time spent in this place.
 D = Time resting spent in this place.
 E = Time spent auto-exploring this place.
 F = Levels seen in this place.
 G = Mean time per level.
                   A        B        C        D        E       F      G
               +--------+--------+--------+--------+--------+-----+--------+
         Total |  16910 |  16571 |    339 |   5310 |   8222 |  17 |  994.7 |
       Dungeon |  11817 |  11511 |    306 |   2720 |   6775 |  11 | 1074.3 |
        Temple |    234 |    234 |      0 |    231 |      0 |   1 |  234.0 |
          Lair |   2697 |   2664 |     33 |    925 |   1228 |   3 |  899.0 |
       Ossuary |    300 |    300 |      0 |     80 |    140 |   1 |  300.0 |
      Ice Cave |   1861 |   1861 |      0 |   1354 |     79 |   1 | 1861.0 |
               +--------+--------+--------+--------+--------+-----+--------+

Top non-repeatable levels by time:
   IceCv: 1861 daAuts
     D:6: 1673 daAuts
    D:10: 1490 daAuts
     D:3: 1349 daAuts
     D:9: 1282 daAuts
  Lair:1: 1230 daAuts
     D:4: 1224 daAuts
     D:8: 1208 daAuts
  Lair:2: 1024 daAuts
    D:11: 942 daAuts
     D:2: 758 daAuts
     D:1: 682 daAuts
     D:7: 620 daAuts
     D:5: 584 daAuts
  Lair:3: 441 daAuts
